 Dungeon Crawl Stone Soup version 0.20.1-1-g8b1a95d (webtiles) character file.

84 kae the Insei (level 4, 0/34 HPs)
             Began as a Demonspawn Gladiator on Sept 15, 2017.
             Slain by a worm (6 damage)
             ... on level 2 of the Dungeon.
             The game lasted 00:02:29 (1961 turns).

kae the Insei (Demonspawn Gladiator)                Turns: 1961, Time: 00:02:30

Health: 0/34       AC:  4    Str: 14    XL:     4   Next: 23%
Magic:  4/4        EV: 18    Int: 10    God:
Gold:   76         SH:  0    Dex: 20    Spells: 3/3 levels left

rFire    . . .     SeeInvis .     - Unarmed
rCold    . . .     Gourm    .   (no shield)
rNeg     . . .     Faith    .   a - +0 leather armour
rPois    .         Spirit   .   b - +0 helmet
rElec    .         Reflect  .   (no cloak)
rCorr    .         Harm     +   (no gloves)
MR       .....                  (no boots)
Stlth    ++........             n - amulet of harm
Regen    0.2/turn               u - ring of loudness (curse)
MPRegen  0.1/turn               (no ring)

@: agile
A: claws 1, powered by pain 1
a: no special abilities


You were on level 2 of the Dungeon.
You were not hungry.

You visited 1 branch of the dungeon, and saw 3 of its levels.

You collected 76 gold pieces.

Inventory:

Missiles
 c - 3 throwing nets (quivered)
Armour
 a - a +0 leather armour (worn)
 b - a +0 helmet (worn)
Jewellery
 n - an amulet of harm (around neck)
 u - a cursed ring of loudness (left claw)
Scrolls
 h - a scroll of teleportation
 j - a scroll of recharging {unknown}
 l - a scroll of immolation {unknown}
 m - a scroll of fear {unknown}
 o - 2 scrolls of remove curse {unknown}
 p - a scroll of enchant armour {unknown}
 r - a scroll of magic mapping {unknown}
 t - a scroll of enchant weapon {unknown}
 x - a scroll of noise {unknown}
Potions
 g - 3 potions of curing
 i - a potion of degeneration
 q - a potion of lignification
 w - a potion of mutation {unknown}
Comestibles
 d - 2 bread rations
 k - 2 royal jellies
 s - a meat ration


   Skills:
 + Level 2.8 Fighting
 - Level 1.7 Throwing
 - Level 2.6 Dodging
 * Level 4.2 Unarmed Combat


You had 3 spell levels left.
You didn't know any spells.

Dungeon Overview and Level Annotations

Branches:
Dungeon (3/15)

Altars:


Innate Abilities, Weirdness & Mutations

You have sharp fingernails.
You sometimes gain a little power by taking damage.


Message History

You scratch the worm.
The worm is severely wounded.
The worm bites you!
You focus on the pain.
You feel agile all of a sudden.
You are too injured to fight recklessly!
You are too injured to fight recklessly!
You are too injured to fight recklessly!
You are too injured to fight recklessly!
You are too injured to fight recklessly!
You are too injured to fight recklessly!
You barely miss the worm. You claw the worm, but do no damage.
The worm is severely wounded.
You barely miss the worm.
The worm is severely wounded.
The worm bites you!
* * * LOW HITPOINT WARNING * * *
You scratch the worm.
The worm is almost dead.
The worm bites you.
You die...

###................#
#.#
#......####..###.#.#
#.# '....)...###.#
#.#.# #.# #........#
#.###.#.# #.#
##.......# #..##.#.#
#.# #.......#
##.##.#.###########.#
#.......#
#.##.#.............#
#.......#
#.##.###############
#.......# #.##@#
#.......####'##w#
####............#
#............#
#............#
#####............#
....†............#
#####............#
#............#


You could see a worm.

Vanquished Creatures
  3 adders (D:2)
  2 oozes (D:2)
  A worm (D:2)
  A dart slug (D:1)
  A leopard gecko (D:3)
  4 ball pythons (D:1)
  7 bats
  A giant cockroach (D:2)
  3 goblins
  7 hobgoblins
  3 frilled lizards
  5 kobolds
  5 rats
43 creatures vanquished.

Notes
Turn   | Place    | Note
-------+----------+-------------------------------------------
     0 | D:1      | kae the Demonspawn Gladiator began the quest for the Orb.
     0 | D:1      | Reached XP level 1. HP: 16/16 MP: 1/1
   119 | D:1      | Reached skill level 3 in Unarmed Combat
   250 | D:1      | Gained mutation: You have sharp fingernails. [demonic ancestry]
   250 | D:1      | Reached XP level 2. HP: 22/22 MP: 2/2
   753 | D:1      | Gained mutation: You sometimes gain a little power by taking damage. [demonic ancestry]
   753 | D:1      | Reached XP level 3. HP: 27/28 MP: 3/3
  1500 | D:2      | Reached skill level 4 in Unarmed Combat
  1617 | D:2      | Reached XP level 4. HP: 30/34 MP: 4/4
  1961 | D:2      | Slain by a worm

Skill      XL: |  1  2  3 |
---------------+----------+-----
Unarmed Combat | 3 4 |  4.2
Fighting       | |  2.8
Throwing       | |  1.7
Dodging        | |  2.6

Action                   |  1- 3 |  4- 6 || total
-------------------------+-------+-------++-------
Melee: Unarmed           |   128 |    14 ||   142
       Punch             |     4 |     2 ||     6
  Use: Scroll            |       |     5 ||     5
 Stab: Sleeping          |     1 |       ||     1
  Eat: Chunk             |     2 |     1 ||     3
Armor: Leather armour    |    41 |     2 ||    43
Dodge: Dodged            |    84 |     3 ||    87
